 Seeded DCSS version 0.31-a0-557-g6e16503903 (webtiles) character file.

Game seed: 16161720884980326079 (custom seed)

4265 innerfire43 the Grappler (level 10, -12/76 HPs)
             Began as a Gnoll Shapeshifter on Aug 16, 2023.
             Was a High Priest of the Shining One.
             Mangled by a yak (14 damage)
             ... on level 9 of the Dungeon.
             The game lasted 00:10:57 (6843 turns).

innerfire43 the Grappler (Gnoll Shapeshifter)       Turns: 6843, Time: 00:10:58

Health: -12/76     AC:  6    Str: 18    XL:     10   Next: 31%
Magic:  14/17      EV: 14    Int:  7    God:    the Shining One [*****.]
Gold:   422        SH:  8    Dex: 14    Spells: 19/19 levels left

rFire   . . .        o - +5 orcbow (freeze)
rCold   . . .        (shield currently unavailable)
rNeg    + + .        u - +3 leather armour
rPois   .            f - melded +2 helmet "Paunutas" {rC- Will++ Dex+4 SInv}
rElec   .            q - melded +1 cloak
rCorr   .            (gloves currently unavailable)
SInv    .            (boots currently unavailable)
Will    .....        k - amulet of faith
Stlth   +            L - ring of flight
HPRegen 0.32/turn    (no ring)
MPRegen 0.15/turn

%: faith
@: divinely shielded, beast-form, flying, glowing
A: beast (slay +4), fangs 1, strong nose, distributed training
a: Begin Untransformation, Renounce Religion, Divine Shield, Cleansing Flame,
Summon Divine Warrior


You were on level 9 of the Dungeon.
You worshipped the Shining One.
The Shining One was extremely pleased with you.
You were a hulking beast.
You visited 1 branch of the dungeon, and saw 9 of its levels.
You also visited: Ossuary.

You collected 539 gold pieces.
You spent 117 gold pieces at shops.

Inventory:

Hand Weapons
 b - a +4 club of protection
 o - a +5 orcbow of freezing (weapon)
Missiles
 m - a throwing net
Armour
 a - a +0 animal skin
 f - the +2 helmet "Paunutas" (melded) {rC- Will++ Dex+4 SInv}
   (You took it off Robin on level 2 of the Dungeon)

   Dex+4:     It affects your dexterity (+4).
   rC-:       It makes you vulnerable to cold.
   Will++:    It greatly increases your willpower.
   SInv:      It lets you see invisible.
 g - a +0 helmet
 q - a +1 cloak (melded)
 r - a +1 ring mail of willpower
 u - a +3 leather armour (worn)
 D - an orb of energy
 E - a +0 troll leather armour
Jewellery
 k - an amulet of faith (around neck)
 l - an amulet of guardian spirit
 n - an amulet of magic regeneration
 L - a ring of flight (left hand)
 M - a ring of protection from fire
 N - an amulet of the acrobat
Talismans
 c - a beast talisman (active)
 d - a flux talisman
Wands
 e - a wand of flame (18)
 C - a wand of iceblast (4)
 P - a wand of paralysis (5)
Scrolls
 h - a scroll of silence
 t - 5 scrolls of teleportation
 v - 4 scrolls of immolation
 y - a scroll of fog
 A - a scroll of revelation
 F - a scroll of identify
 H - a scroll of torment {unknown}
 I - a scroll of amnesia {unknown}
 J - a scroll of enchant armour {unknown}
 K - 2 scrolls of enchant weapon {unknown}
 O - 2 scrolls of vulnerability {unknown}
Potions
 i - 2 potions of haste {unknown}
 j - a potion of ambrosia {unknown}
 p - 3 potions of attraction {unknown}
 s - 7 potions of curing
 w - 3 potions of degeneration {unknown}
 x - 2 potions of magic {unknown}
 z - 2 potions of brilliance {unknown}
 B - a potion of mutation {unknown}
 G - a potion of cancellation {unknown}


   Skills:
 + Level 5.9 Fighting
 + Level 5.2 Short Blades
 + Level 5.2 Long Blades
 + Level 5.2 Axes
 + Level 5.2 Maces & Flails
 + Level 5.2 Polearms
 + Level 5.2 Staves
 + Level 5.2 Ranged Weapons
 + Level 5.2 Throwing
 + Level 5.2 Armour
 + Level 7.0 Dodging
 + Level 5.2 Stealth
 + Level 5.2 Shields
 + Level 8.5 Unarmed Combat
 + Level 5.2 Spellcasting
 + Level 4.3 Conjurations
 + Level 4.3 Hexes
 + Level 4.3 Summonings
 + Level 4.3 Necromancy
 + Level 4.3 Translocations
 + Level 4.3 Transmutations
 + Level 4.3 Fire Magic
 + Level 4.3 Ice Magic
 + Level 4.3 Air Magic
 + Level 4.3 Earth Magic
 + Level 4.3 Poison Magic
 + Level 5.8 Invocations
 + Level 5.2 Evocations
 + Level 7.9 Shapeshifting


You had 19 spell levels left.
You didn't know any spells.
Your spell library contained the following spells:

 Spells                   Type           Power      Damage    Failure   Level
 Lesser Beckoning         Tloc           14%        N/A       8%          2
 Momentum Strike          Conj/Tloc      14%        3d8       8%          2
 Poisonous Vapours        Pois/Air       14%        N/A       8%          2
 Mephitic Cloud           Conj/Pois/Air  7%         N/A       16%         3
 Portal Projectile        Hex/Tloc       14%        N/A       16%         3
 Teleport Other           Tloc           7%         N/A       16%         3
 Freezing Cloud           Conj/Ice/Air   3%         6-21      82%         5
 Summon Forest            Summ/Tloc      3%         N/A       82%         5


Dungeon Overview and Level Annotations

Branches:
Dungeon (8/15)             Temple (0/1) D:6         Ossuary (visited)
   Lair: D:8-11

Altars:
Cheibriados
Elyvilon
Gozag
Makhleb
Nemelex Xobeh
Okawaru
Ru
Sif Muna
Xom
Zin
The Shining One

Shops:
D:4 !   D:6 *


Innate Abilities, Weirdness & Mutations

You are a hulking beast.
Your limbs bulge with bestial killing power. (Slay +4)
You have very sharp teeth.
Your uncanny sense of smell can sniff out nearby items.
Your experience applies equally to all skills.


Message History

There are monsters nearby!
You are too injured to fight recklessly!
Unknown command.
Fire: o) +5 orcbow (freeze)
Press: ? - help, Q - select action, (/) - cycle Shift-Dir - straight line, f/p - yak
Aim: a yak (almost dead, haloed, 91% to hit)
You shoot an arrow. The arrow hits the yak!
The arrow freezes the yak.
You kill the yak!
The yak barely misses you.
Fire: o) +5 orcbow (freeze)
Press: ? - help, Q - select action, (/) - cycle Shift-Dir - straight line, f - yak
Aim: a yak (haloed, 91% to hit)
You shoot an arrow. The arrow completely misses the yak.
The arrow hits the yak!
The arrow freezes the yak.
The yak is moderately wounded.
The yak completely misses you. The yak closely misses you.
A divine shield forms around you! You block the yak's attack. x2
Fire: o) +5 orcbow (freeze)
Press: ? - help, Q - select action, (/) - cycle Shift-Dir - straight line, f/p - yak
Aim: a yak (haloed, 91% to hit)
You shoot an arrow. The arrow hits the yak!
The arrow freezes the yak.
The yak is severely wounded.
You block the yak's attack. The yak misses you.
Fire: o) +5 orcbow (freeze)
Press: ? - help, Q - select action, (/) - cycle Shift-Dir - straight line, f/p - yak
Aim: a yak (severely wounded, haloed, 91% to hit)
You shoot an arrow. The arrow hits the yak.
The arrow freezes the yak.
The yak is almost dead.
The yak gores you!
* * * LOW HITPOINT WARNING * * *
The yak gores you.
* * * LOW HITPOINT WARNING * * *
Fire: o) +5 orcbow (freeze)
Press: ? - help, Q - select action, (/) - cycle Shift-Dir - straight line, f/p - yak
Aim: a yak (almost dead, haloed, 91% to hit)
You shoot an arrow. The arrow hits the yak.
The arrow freezes the yak.
You kill the yak!
The yak gores you!
You die...

.............
...........
......... ....(..
.(... ∆ ...
#####Y# #....h###
#...........#
#..#..#######..+
#..#..# #..#..#
#..#..#
#..#..######
#..#........
#######..#''######


You could see a yak.

Vanquished Creatures
  A troll (D:5)
  4 yaks (D:9)
  A shadow (D:9)
  A wraith (D:9)
  2 steam dragons (D:8)
  An acid dragon (D:7)
  2 orc warriors (D:7)
  2 ice beasts
  A black bear (D:6)
  5 bullfrogs
  2 elf zombies (Ossuary)
  A gnoll sergeant (D:8)
  9 wights
  5 killer bees (D:7)
  4 howler monkeys
  A crimson imp (D:6)
  A human zombie (Ossuary)
  2 hounds
  4 orc priests
  A jelly (D:5)
  A gnoll bouda (D:7)
  Crazy Yiuf (D:2)
  Jessica (D:2)
  3 iguanas
  Terence (D:2)
  2 sleepcaps
  8 orc wizards
  4 mummies (Ossuary)
  Robin (D:2)
  5 adders
  8 gnolls
  A shadow imp (D:8)
  4 white imps
  2 ufetubi (D:4)
  4 worms
  2 dart slugs
  44 orcs
  A bat (D:3)
  3 endoplasms
  2 giant cockroaches
  10 hobgoblins
  4 jackals (D:4)
  9 kobolds
  2 quokkas
  5 ball pythons
  3 frilled lizards
  A gnoll zombie (Ossuary)
  22 goblins
  A goblin skeleton (D:6)
  4 goblin zombies
  7 hobgoblin zombies
  A kobold skeleton (D:6)
  2 kobold zombies (D:6)
  An orc zombie (D:6)
  3 rats
  2 rat zombies (Ossuary)
225 creatures vanquished.

Notes
Turn   | Place    | Note
-------+----------+-------------------------------------------
     0 | D:1      | innerfire43 the Gnoll Shapeshifter began the quest for the
                  | Orb.
     0 | D:1      | Reached XP level 1. HP: 17/17 MP: 1/1
   111 | D:1      | Found a faded altar of an unknown god.
   132 | D:1      | Reached XP level 2. HP: 22/23 MP: 2/2
   139 | D:1      | Prayed at the altar of an unknown god.
   139 | D:1      | Became a worshipper of the Shining One
   139 | D:1      | Reached * piety under the Shining One
   603 | D:2      | Noticed Jessica
   606 | D:2      | Killed Jessica
   607 | D:2      | Reached skill level 1 in Invocations
   607 | D:2      | Reached XP level 3. HP: 28/28 MP: 2/4
   657 | D:2      | Reached skill level 1 in Short Blades
   657 | D:2      | Reached skill level 1 in Long Blades
   657 | D:2      | Reached skill level 1 in Axes
   657 | D:2      | Reached skill level 1 in Maces & Flails
   657 | D:2      | Reached skill level 1 in Polearms
   657 | D:2      | Reached skill level 1 in Staves
   657 | D:2      | Reached skill level 1 in Ranged Weapons
   657 | D:2      | Reached skill level 1 in Throwing
   657 | D:2      | Reached skill level 1 in Armour
   657 | D:2      | Reached skill level 1 in Stealth
   657 | D:2      | Reached skill level 1 in Shields
   657 | D:2      | Reached skill level 1 in Spellcasting
   657 | D:2      | Reached skill level 1 in Evocations
   699 | D:2      | Identified the +2 helmet "Paunutas" {rC- Will++ Dex+4 SInv}
   699 | D:2      | Noticed Robin
   713 | D:2      | Reached XP level 4. HP: 10/34 MP: 5/5
   720 | D:2      | The Shining One protects you from harm!
   720 | D:2      | HP: 1/34 [goblin/+0 dagger[Robin] (1)]
   721 | D:2      | Killed Robin
   919 | D:2      | Reached skill level 1 in Conjurations
   919 | D:2      | Reached skill level 1 in Hexes
   919 | D:2      | Reached skill level 1 in Summonings
   919 | D:2      | Reached skill level 1 in Necromancy
   919 | D:2      | Reached skill level 1 in Translocations
   919 | D:2      | Reached skill level 1 in Transmutations
   919 | D:2      | Reached skill level 1 in Fire Magic
   919 | D:2      | Reached skill level 1 in Ice Magic
   919 | D:2      | Reached skill level 1 in Air Magic
   919 | D:2      | Reached skill level 1 in Earth Magic
   919 | D:2      | Reached skill level 1 in Poison Magic
   931 | D:2      | Noticed Terence
   940 | D:2      | Killed Terence
  1158 | D:2      | Reached XP level 5. HP: 40/40 MP: 5/7
  1189 | D:2      | Found a runed translucent door.
  1190 | D:2      | Noticed Crazy Yiuf
  1355 | D:2      | Killed Crazy Yiuf
  1792 | D:3      | Reached ** piety under the Shining One
  1827 | D:3      | Identified the +5 dagger of the King {flame, Fly rC+++
                  | Str-5 Dex-4}
  2242 | D:4      | Reached XP level 6. HP: 25/47 MP: 8/8
  2409 | D:4      | Found Quem's Distillery.
  2414 | D:4      | Bought a potion of curing for 39 gold pieces
  2414 | D:4      | Bought a potion of curing for 39 gold pieces
  2414 | D:4      | Bought a potion of curing for 39 gold pieces
  2459 | D:4      | Found a sand-covered staircase.
  2481 | D:4      | Found a burning altar of Makhleb.
  2481 | D:4      | Found a shimmering blue altar of Sif Muna.
  2587 | Ossuary  | Entered an ossuary
  2601 | Ossuary  | Reached skill level 5 in Dodging
  2643 | Ossuary  | Reached XP level 7. HP: 45/52 MP: 10/10
  2647 | Ossuary  | Reached *** piety under the Shining One
  2735 | Ossuary  | Reached skill level 7 in Unarmed Combat
  3542 | D:5      | Entered Level 5 of the Dungeon
  3543 | D:5      | Noticed a troll
  3554 | D:5      | Killed a troll
  3650 | D:5      | Found a sparkling altar of Nemelex Xobeh.
  3738 | D:5      | Identified a scroll of acquirement
  3738 | D:5      | Acquired a +5 orcbow of freezing
  3741 | D:5      | Reached XP level 8. HP: 58/60 MP: 12/12
  4036 | D:5      | Got Pyrano's Elucidation of the Singularity
  4372 | D:6      | Reached **** piety under the Shining One
  4424 | D:6      | Found a staircase to the Ecumenical Temple.
  4441 | D:6      | Found a white marble altar of Elyvilon.
  4510 | D:6      | Found a snail-covered altar of Cheibriados.
  4626 | D:6      | Found a glowing golden altar of the Shining One.
  4769 | D:6      | Found Zin's Purification Station.
  4771 | D:6      | Found a glowing silver altar of Zin.
  5053 | D:6      | Found an iron altar of Okawaru.
  5125 | D:7      | Reached XP level 9. HP: 30/66 MP: 14/14
  5273 | D:7      | Found an opulent altar of Gozag.
  5340 | D:7      | Found a shimmering altar of Xom.
  5340 | D:7      | Found a shimmering altar of Xom.
  5341 | D:7      | Found a shimmering altar of Xom.
  5341 | D:7      | Found a shimmering altar of Xom.
  5457 | D:7      | Reached skill level 5 in Fighting
  5683 | D:7      | Reached ***** piety under the Shining One
  5942 | D:7      | Found a sacrificial altar of Ru.
  5944 | D:7      | Found a shimmering altar of Xom.
  5945 | D:7      | Noticed a lindwurm
  5960 | D:7      | Reached skill level 8 in Unarmed Combat
  6018 | D:7      | Noticed an orb spider
  6019 | D:7      | Noticed a meliai
  6187 | D:7      | a raiju changed into an entropy weaver
  6187 | D:7      | Noticed an entropy weaver (shapeshifter)
  6201 | D:7      | an entropy weaver changed into a raiju
  6264 | D:7      | a culicivora changed into a harpy
  6264 | D:7      | Noticed a harpy (shapeshifter)
  6269 | D:7      | a harpy changed into a tarantella
  6269 | D:7      | Noticed a tarantella (shapeshifter)
  6408 | D:8      | Reached skill level 5 in Invocations
  6689 | D:8      | You are sucked into a shaft and drop 1 floor!
  6698 | D:9      | Reached XP level 10. HP: 75/75 MP: 17/17
  6732 | D:9      | Reached skill level 5 in Short Blades
  6732 | D:9      | Reached skill level 5 in Long Blades
  6732 | D:9      | Reached skill level 5 in Axes
  6732 | D:9      | Reached skill level 5 in Maces & Flails
  6732 | D:9      | Reached skill level 5 in Polearms
  6732 | D:9      | Reached skill level 5 in Staves
  6732 | D:9      | Reached skill level 5 in Ranged Weapons
  6732 | D:9      | Reached skill level 5 in Throwing
  6732 | D:9      | Reached skill level 5 in Armour
  6732 | D:9      | Reached skill level 5 in Stealth
  6732 | D:9      | Reached skill level 5 in Shields
  6732 | D:9      | Reached skill level 5 in Spellcasting
  6732 | D:9      | Reached skill level 5 in Evocations
  6842 | D:9      | HP: 2/76 [yak (5)]
  6843 | D:9      | Mangled by a yak

Illustrated notes

Levels and vault maps discovered:
D:1:      nzn_arrival_settlement, layout_rooms,
          shapermc_ecumenical_altar_starsandcircs
D:2:      layout_basic, feat_on_display, uniq_jessica, uniq_robin,
          uniq_crazy_yiuf_cottage, uniq_terence
D:3:      layout_rooms, interstate_on_off, guppyfry_early_orc_mine
D:4:      layout_cave_pods, gammafunk_temple_overflow_wave, enter_ossuary_1,
          serial_shops, kennysheep_little_box
D:5:      layout_loops_ring, amcnicky_altar_gilded
D:6:      layout_basic, cheibrodos_worm_habitat, zin_purify,
          nicolae_tso_besieged_by_evil, elyvilon_altar_4,
          kennysheep_okawaru_gauntlet, minmay_temple_entry_mini_moons,
          nicolae_letterblocks [nicolae_letter_subblock,
          nicolae_letter_subblock, nicolae_letter_subblock,
          nicolae_letter_subblock, nicolae_letter_subblock,
          nicolae_letter_subblock, nicolae_letter_subblock,
          nicolae_letter_subblock, nicolae_letter_subblock,
          nicolae_letter_subblock, nicolae_letter_subblock,
          nicolae_letter_subblock, nicolae_letter_subblock,
          nicolae_letter_subblock, nicolae_letter_subblock,
          nicolae_letter_subblock, nicolae_letter_subblock,
          nicolae_letter_subblock, nicolae_letter_subblock,
          nicolae_letter_subblock, nicolae_letter_subblock,
          nicolae_letter_subblock, nicolae_letter_subblock,
          nicolae_letter_subblock, nicolae_letter_subblock]
D:7:      layout_gridville, lemuel_tele_altar, mainiacjoe_overflow_24_doors,
          xom_shifter_show, abandoned_shop
D:8:      layout_cave_pools
D:9:      layout_irregular_city, lair_entry_dummy

Skill      XL: |  1  2  3  4  5  6  7  8  9 10 |
---------------+-------------------------------+-----
Invocations    | 1 2 3 4 5 |  5.8
Short Blades   | 1 2 3 4 5 |  5.2
Long Blades    | 1 2 3 4 5 |  5.2
Axes           | 1 2 3 4 5 |  5.2
Maces & Flails | 1 2 3 4 5 |  5.2
Polearms       | 1 2 3 4 5 |  5.2
Staves         | 1 2 3 4 5 |  5.2
Ranged Weapons | 1 2 3 4 5 |  5.2
Throwing       | 1 2 3 4 5 |  5.2
Armour         | 1 2 3 4 5 |  5.2
Stealth        | 1 2 3 4 5 |  5.2
Shields        | 1 2 3 4 5 |  5.2
Spellcasting   | 1 2 3 4 5 |  5.2
Evocations     | 1 2 3 4 5 |  5.2
Conjurations   | 1 2 3 4 |  4.3
Hexes          | 1 2 3 4 |  4.3
Summonings     | 1 2 3 4 |  4.3
Necromancy     | 1 2 3 4 |  4.3
Translocations | 1 2 3 4 |  4.3
Transmutations | 1 2 3 4 |  4.3
Fire Magic     | 1 2 3 4 |  4.3
Ice Magic      | 1 2 3 4 |  4.3
Air Magic      | 1 2 3 4 |  4.3
Earth Magic    | 1 2 3 4 |  4.3
Poison Magic   | 1 2 3 4 |  4.3
Fighting       | 3 4 5 |  5.9
Dodging        | 5 6 7 |  7.0
Unarmed Combat | 7 8 |  8.5
Shapeshifting  | 7 |  7.9

Action                     |  1- 3 |  4- 6 |  7- 9 | 10-12 || total
---------------------------+-------+-------+-------+-------++-------
  Melee: Unarmed           |    55 |   197 |    68 |       ||   320
         Bite              |     7 |    23 |    14 |       ||    44
   Fire: Orcbow            |       |       |   236 |    54 ||   290
 Invoke: Divine Shield     |       |     1 |       |     1 ||     2
    Use: Potion            |       |     2 |     2 |       ||     4
         Scroll            |       |     4 |     4 |       ||     8
 Armour: Animal skin       |     3 |    17 |       |       ||    20
         Ring mail         |       |    32 |       |       ||    32
         Leather armour    |       |    63 |    71 |     2 ||   136
  Dodge: Dodged            |    29 |   235 |   177 |    14 ||   455
  Block: Other             |       |     4 |       |     3 ||     7
   Form: Flux              |     1 |       |       |       ||     1
         Beast             |       |       |     1 |       ||     1

Table legend: (Time is in decaauts)
 A = Elapsed time spent in this place.
 B = Non-inter-level travel time spent in this place.
 C = Inter-level travel time spent in this place.
 D = Time resting spent in this place.
 E = Time spent auto-exploring this place.
 F = Levels seen in this place.
 G = Mean time per level.
                   A        B        C        D        E       F      G
               +--------+--------+--------+--------+--------+-----+--------+
         Total |   6906 |   6473 |    433 |      0 |   5107 |  10 |  690.6 |
       Dungeon |   6662 |   6229 |    433 |      0 |   4973 |   9 |  740.2 |
       Ossuary |    243 |    243 |      0 |      0 |    134 |   1 |  243.0 |
               +--------+--------+--------+--------+--------+-----+--------+

Top non-repeatable levels by time:
     D:7: 1332 daAuts
     D:4: 1176 daAuts
     D:6: 829 daAuts
     D:2: 795 daAuts
     D:5: 765 daAuts
     D:3: 691 daAuts
     D:1: 596 daAuts
     D:8: 304 daAuts
 Ossuary: 243 daAuts
     D:9: 170 daAuts
